 Dungeon Crawl Stone Soup version 0.16-a0-4088-g7c8221e (webtiles) character file.

212 PolkaDot the Poker (level 5, -11/36 HPs)
             Began as an Octopode Gladiator on Feb 23, 2015.
             Mangled by Prince Ribbit (14 damage)
             ... on level 4 of the Dungeon.
             The game lasted 00:05:17 (3606 turns).

PolkaDot the Poker (Octopode Gladiator)             Turns: 3606, Time: 00:05:18

Health: -11/36     AC:  1    Str: 15    XL:     5   Next: 90%
Magic:  5/5        EV: 13    Int: 10    God:
Gold:   70         SH:  0    Dex: 13    Spells: 0 memorised, 4 levels left

rFire  . . .     SeeInvis .     a - +0 trident
rCold  . . .     Clarity  .     (no shield)
rNeg   . . .     SustAb   .     c - +0 hat
rPois  .         Gourm    .     (no amulet)
rElec  .         Spirit   .     o - ring of flight
rCorr  .         Warding  .     (no ring)
rMut   .         Stasis   .     (no ring)
MR     .....                    (no ring)
Stlth  ++........               (no ring)
                                (no ring)
                                (no ring)
                                (no ring)

@: not resistant to hostile enchantments, unstealthy
A: almost no armour, amphibious, 8 rings, constrict 8, camouflage 1, gelatinous
body 1
a: Evoke Flight


You were on level 4 of the Dungeon.
You were not hungry.

You visited 1 branch of the dungeon, and saw 4 of its levels.

You collected 70 gold pieces.

Inventory:

Hand weapons
 a - a +0 trident (weapon)
Missiles
 d - 4 throwing nets (quivered)
Armour
 c - a +0 hat (worn)
Jewellery
 o - a ring of flight (left tentacle)
Magical devices
 n - a wand of fireball (1)
Scrolls
 e - 2 scrolls of enchant armour
 g - 2 scrolls of identify
 h - a scroll of noise
 i - 2 scrolls of remove curse
 l - 3 scrolls of teleportation {unknown}
 m - a scroll of fear {unknown}
Comestibles
 b - a slice of pizza
 f - 3 bread rations
 k - a beef jerky


   Skills:
 + Level 3.4 Fighting
 * Level 4.9 Polearms
 - Level 2.0 Throwing
 + Level 4.0 Dodging


You had 4 spell levels left.
You didn't know any spells.

Dungeon Overview and Level Annotations

Branches:
Dungeon (4/15)
 Temple: D:4-7

Altars:
Gozag
Nemelex Xobeh
Ru
Vehumet

Annotations:
D:4 Prince Ribbit


Innate Abilities, Weirdness & Mutations

You cannot wear most types of armour.
You are amphibious.
You can wear up to eight rings at the same time.
You can use your tentacles to constrict many enemies at once.
Your skin changes colour to match your surroundings (Stealth).
Your rubbery body absorbs attacks (AC +1).


Message History

Prince Ribbit hits you!
* * * LOW HITPOINT WARNING * * *
You aren't carrying any potions.
Read which item? (? for menu, Esc to quit)
As you read the scroll labeled SHREDE THIFF, it crumbles to dust.
You hear a loud clanging noise!
It was a scroll of noise.
You hear a shout!
Prince Ribbit misses you.
Read which item? (? for menu, Esc to quit)
As you read the scroll labeled DOOMOFEIRE, it crumbles to dust.
It is a scroll of identify.
Identify which item? (\ to view known items) (? for menu, Esc to quit)
e - 2 scrolls of enchant armour Prince Ribbit closely misses you.
Read which item? (? for menu, Esc to quit)
As you read the scroll labeled MEBEUM NOG, it crumbles to dust.
You feel blessed for a moment.
It was a scroll of remove curse.
Prince Ribbit hits you!
You die...

........# ..# #.
#.......# ..# #.
#.......######.# #.
#......##.....# #.
#......##.....# #.
#......##.....######.
#......##............
#######+#F.##....######..
........@...+....'.#.....
...........##....#.#.##.#
######..#.##....#.#.##.#
##.#.##....#.#....#
#.#.#######.######
#.#.#######.#.....
#...##.)..#.#.####
##......#.#.#.#
#......#.#.#.#


You could see Prince Ribbit.

Vanquished Creatures
  Sigmund (D:3)
  An orc priest (D:3)
  Robin (D:2)
  An adder (D:3)
  2 worms
  2 oozes
  4 orcs
  A ball python (D:4)
  6 bats
  4 giant cockroaches
  19 goblins
  6 hobgoblins
  3 jackals (D:3)
  14 kobolds
  A giant gecko (D:3)
  2 giant newts
  4 rats
72 creatures vanquished.

Notes
Turn   | Place    | Note
--------------------------------------------------------------
     0 | D:1      | PolkaDot, the Octopode Gladiator, began the quest for the Orb.
     0 | D:1      | Reached XP level 1. HP: 14/14 MP: 1/1
   266 | D:1      | Reached XP level 2. HP: 13/19 MP: 2/2
   800 | D:2      | Found a radiant altar of Vehumet.
   992 | D:2      | Reached XP level 3. HP: 24/24 MP: 3/3
  1151 | D:2      | Noticed Robin
  1457 | D:2      | Killed Robin
  1616 | D:2      | Found a sparkling altar of Nemelex Xobeh.
  1619 | D:2      | Found an opulent altar of Gozag.
  1620 | D:2      | Found a sacrificial altar of Ru.
  1648 | D:2      | Reached XP level 4. HP: 30/30 MP: 4/4
  1993 | D:3      | Noticed Sigmund
  2179 | D:3      | Reached skill level 4 in Polearms
  2892 | D:3      | Killed Sigmund
  2892 | D:3      | Reached XP level 5. HP: 12/36 MP: 5/5
  3598 | D:4      | Noticed Prince Ribbit
  3606 | D:4      | Mangled by Prince Ribbit

Action                   |  1- 3 |  4- 6 || total
-------------------------+-------+-------++-------
Melee: Trident           |    79 |    87 ||   166
  Use: Potion            |       |     1 ||     1
       Scroll            |       |     3 ||     3
 Stab: Sleeping          |     7 |     3 ||    10
  Eat: Chunk             |     2 |     6 ||     8
